 Dungeon Crawl Stone Soup version 0.31.0-1-g2c135a0 (webtiles) character file.

Game seed: 16702888609062557604

188 DragonEye the Ruffian (level 5, -6/42 HPs)
             Began as a Ghoul Warper on Feb 27, 2024.
             Mangled by an ogre
             ... wielding a +0 giant club
              (12 damage)
             ... on level 5 of the Dungeon.
             The game lasted 00:19:07 (2904 turns).

DragonEye the Ruffian (Ghoul Warper)                Turns: 2904, Time: 00:19:08

Health: -6/42      AC:  6    Str: 17    XL:     5   Next: 67%
Magic:  8/8        EV: 11    Int: 12    God:
Gold:   244        SH:  0    Dex:  8    Spells: 8/8 levels left

rFire   . . .        E - +1 trident (vamp)
rCold   + . .        (no shield)
rNeg    + + +        g - +3 leather armour
rPois   ∞            (no helmet)
rElec   .            (no cloak)
rCorr   .            (no gloves)
SInv    .            (no boots)
Will    .....        (no amulet)
Stlth   +            h - +4 ring of slaying
HPRegen 0.00/turn    y - +4 ring of slaying
MPRegen 0.11/turn

%: no passive effects
@: inhibited regen
A: claws 1, cold resistance 1, negative energy resistance 3, inhibited
regeneration, torment resistance 2, devour on kill
a: no special abilities


You were on level 5 of the Dungeon.
You visited 1 branch of the dungeon, and saw 4 of its levels.

You collected 244 gold pieces.

Inventory:

Hand Weapons
 k - a +0 dagger of protection
 l - a +0 dagger
 m - a +0 dagger
 q - a +0 broad axe
 t - a +0 hand axe
 E - a +1 vampiric trident (weapon)
 I - a +0 vampiric war axe
Missiles
 c - 7 darts of dispersal (quivered)
 D - 2 throwing nets
Armour
 a - a +0 leather armour
 e - a +0 robe
 g - a +3 leather armour (worn)
 j - a +0 ring mail
 s - an orb of guile
 u - a +0 leather armour
 w - a +0 leather armour
 z - a +0 ring mail
 A - a +0 leather armour
 F - a +0 ring mail
 H - a +0 plate armour
 J - a +0 pair of boots
Jewellery
 h - a +4 ring of slaying (left claw)
 y - a +4 ring of slaying (right claw)
Wands
 G - a wand of charming (2)
Scrolls
 b - a scroll of blinking
 f - 2 scrolls of summoning {unknown}
 i - 4 scrolls of identify {unknown}
 n - a scroll of immolation {unknown}
 o - a scroll of fear {unknown}
 p - a scroll of amnesia {unknown}
 r - a scroll of silence {unknown}
 C - a scroll of revelation {unknown}
Potions
 d - a potion of haste {unknown}
 v - 2 potions of enlightenment {unknown}
 x - a potion of mutation {unknown}
 B - 2 potions of berserk rage {unknown}


   Skills:
 + Level 2.6 Fighting
 + Level 0.1 Polearms
 + Level 0.8 Throwing
 + Level 2.1 Armour
 + Level 2.4 Dodging
 + Level 1.4 Stealth
 + Level 4.2 Unarmed Combat
 + Level 2.0 Spellcasting
 + Level 2.9 Translocations


You had 8 spell levels left.
You didn't know any spells.
Your spell library contained the following spells:

 Spells                   Type           Power      Damage    Failure   Level
 Blink                    Tloc           16%        N/A       14%         2
 Lesser Beckoning         Tloc           16%        N/A       14%         2
 Teleport Other           Tloc           8%         N/A       28%         3
 Manifold Assault         Tloc           8%         N/A       67%         4
 Vhi's Electric Charge    Tloc/Air       8%         N/A       87%         4


Dungeon Overview and Level Annotations

Branches:
Dungeon (3/15)

Altars:
Yredelemnul

Shops:
D:1 [

Annotations:
D:3 3 runed translucent doors, DragonEye's ghost, amateur FoHu; IAmTheZeppo's ghost, amateur MiFi


Innate Abilities, Weirdness & Mutations

You are immune to poison.
You have sharp fingernails.
Your flesh is cold resistant. (rC+)
You are immune to negative energy. (rN+++)
You do not regenerate when monsters are visible.
You are immune to unholy pain and torment.
You thrive by killing the living.


Message History

The adder bites you but does no damage. The adder barely misses you.
You hit the adder but do no damage.
The adder is heavily wounded.
The adder closely misses you.
You miss the adder.
The adder is heavily wounded.
The adder completely misses you. The adder bites you but does no damage.
You hit the adder.
The adder is almost dead.
The adder completely misses you. The adder bites you.
You puncture the adder!
You feel better.
You kill the adder!
Found a stone staircase leading up.
Found a stone staircase leading down.
Welcome back, DragonEye the Ghoul Warper.
Press ? for a list of commands and other information.
Found a pair of boots.
Found a scroll labelled YDIOFO HYMEI.
i - 4 scrolls labelled YDIOFO HYMEI (gained 1)
You see here a +0 pair of boots.
You see here a +0 pair of boots.
You see here a +0 pair of boots.
You see here a +0 pair of boots.
J - a +0 pair of boots You open the door.
There is an open door here.
A centaur and an ogre come into view.
The ogre shouts!
The centaur wields a +0 orcbow.
The centaur shoots an arrow.
The arrow hits you!
The centaur shoots an arrow.
The arrow hits you!
The centaur shoots an arrow.
The arrow barely misses you.
The centaur shoots an arrow.
The arrow misses you.
The centaur shoots an arrow.
The arrow hits you. The ogre hits you with a +0 giant club!
You puncture the ogre!
You feel better.
The ogre is heavily wounded.
The centaur shoots an arrow.
The arrow hits you!
* * * LOW HITPOINT WARNING * * *
The ogre hits you with a +0 giant club!
You die...

#
#........##....#..#.####
# +........##....#..#.#
#........##....#..#.#
##'#####.##.........# #
#.# #.##...##.#######
#.#####.#####...# #....
#.......# #.#####.###
########.#####.####..#
......O@.........#..##
....###............## #
#..#....<#.###
#c.##.####.# #.....# #.#
...## # #.# ..>.# #.#
...## #.# ..... ...


You could see an ogre and a centaur.

Vanquished Creatures
  A jelly (D:5)
  An iguana (D:5)
  A sleepcap (D:5)
  5 adders
  6 orcs
  3 endoplasms
  2 giant cockroaches
  5 goblins
  6 hobgoblins
  9 jackals (D:2)
  6 kobolds
  2 quokkas (D:1)
  2 ball pythons
  2 bats
  3 frilled lizards
  A rat (D:2)
55 creatures vanquished.

Notes
Turn   | Place    | Note
-------+----------+-------------------------------------------
     0 | D:1      | DragonEye the Ghoul Warper began the quest for the Orb.
     0 | D:1      | Reached XP level 1. HP: 17/17 MP: 3/3
   249 | D:1      | Found Ehovoqer's Armour Emporium.
   310 | D:1      | Reached skill level 1 in Armour
   329 | D:1      | Reached XP level 2. HP: 24/24 MP: 5/5
  1254 | D:2      | Reached skill level 1 in Stealth
  1254 | D:2      | Reached XP level 3. HP: 26/29 MP: 6/6
  1559 | D:2      | Reached skill level 3 in Unarmed Combat
  1592 | D:2      | Reached XP level 4. HP: 37/37 MP: 7/7
  2367 | D:3      | Found a basalt altar of Yredelemnul.
  2492 | D:3      | Found a runed translucent gate.
  2492 | D:3      | Found a runed translucent gate.
  2492 | D:3      | Found a runed translucent gate.
  2493 | D:3      | Noticed DragonEye's ghost (amateur FoHu)
  2494 | D:3      | Noticed IAmTheZeppo's ghost (amateur MiFi)
  2570 | D:3      | You fall into a shaft and drop 2 floors!
  2570 | D:5      | Entered Level 5 of the Dungeon
  2634 | D:5      | Reached XP level 5. HP: 42/42 MP: 8/8
  2727 | D:5      | Reached skill level 4 in Unarmed Combat
  2899 | D:5      | Noticed a centaur
  2899 | D:5      | Noticed an ogre
  2904 | D:5      | Mangled by an ogre

Illustrated notes

Levels and vault maps discovered:
D:1:      spicycebolla_arrival_ecumenical, layout_basic, serial_shops,
          nicolae_shop_advertising_works [nicolae_subvault_shop_adworks]
D:2:      layout_rooms
D:3:      layout_loops_cross, mainiacjoe_overflow_two_lobes,
          mainiacjoe_overflow_boulevard, gammafunk_ghost_cemetery
D:5:      layout_basic, chequers_arboretum

Skill      XL: |  1  2  3  4  5 |
---------------+----------------+-----
Spellcasting   | 2 |  2.0
Armour         | 1 2 |  2.1
Stealth        | 1 |  1.4
Unarmed Combat | 3 4 |  4.2
Dodging        | 2 |  2.4
Fighting       | |  2.6
Polearms       | |  0.1
Throwing       | |  0.8
Translocations | |  2.9

Action                     |  1- 3 |  4- 6 || total
---------------------------+-------+-------++-------
  Melee: Unarmed           |    88 |    11 ||    99
         Punch             |     2 |       ||     2
         Trident           |       |    36 ||    36
 Armour: Leather armour    |   105 |    43 ||   148
  Dodge: Dodged            |    86 |    59 ||   145
